 Dungeon Crawl Stone Soup version 0.21.1-1-g345015f (webtiles) character file.

2311 inc the Geomancer (level 9, -17/51 HPs)
             Began as an Octopode Earth Elementalist on Mar 16, 2018.
             Was an Initiate of Gozag.
             Killed from afar by a steam dragon (24 damage)
             ... with a ball of steam
             ... on level 7 of the Dungeon.
             The game lasted 00:11:27 (5649 turns).

inc the Geomancer (Octopode Earth Elementalist)     Turns: 5649, Time: 00:11:29

Health: -17/51     AC:  1    Str:  7    XL:     9   Next: 41%
Magic:  28/30      EV: 13    Int: 21    God:    Gozag
Gold:   508        SH:  0    Dex: 12    Spells: 23/24 levels left

rFire    . . .     SeeInvis .   (no weapon)
rCold    . . .     Gourm    .   (no shield)
rNeg     . . .     Faith    .   (helmet restricted)
rPois    .         Spirit   .   o - amulet of magic regeneration
rElec    .         Reflect  .   g - ring of magical power
rCorr    .         Harm     .   n - ring of stealth
MR       .....                  (no ring)
Stlth    ++++......             (no ring)
HPRegen  0.17/turn              (no ring)
MPRegen  0.47/turn              (no ring)
                                (no ring)
                                (no ring)

@: gold aura
A: almost no armour, stealthy swim, amphibious, 8 rings, constrict 8, camouflage
1, gelatinous body 1
a: Potion Petition, Call Merchant, Bribe Branch, Renounce Religion


You were on level 7 of the Dungeon.
You worshipped Gozag.
Gozag was pleased with you.
You were very hungry.

You visited 2 branches of the dungeon, and saw 8 of its levels.

You collected 584 gold pieces.
You spent 49 gold pieces at shops.
You paid 27 gold pieces to Gozag.

Inventory:

Missiles
 b - 110 stones (quivered)
Jewellery
 g - a ring of magical power (left tentacle)
 j - an uncursed ring of teleportation
 n - a ring of stealth (right tentacle)
 o - an amulet of magic regeneration (around mantle)
 w - an uncursed amulet of the gourmand {unknown}
Wands
 u - a wand of acid (10)
 v - a wand of flame (32)
 y - a wand of disintegration (12)
Scrolls
 e - 4 scrolls of remove curse
 i - 9 scrolls of identify
 l - 2 scrolls of magic mapping
 m - a scroll of blinking {unknown}
 p - 2 scrolls of enchant weapon {unknown}
 r - 2 scrolls of enchant armour {unknown}
 t - a scroll of teleportation {unknown}
Potions
 f - a potion of might {unknown}
 h - 2 potions of curing {unknown}
 k - a potion of agility {unknown}
 q - a potion of degeneration {unknown}
 s - a potion of haste {unknown}
 x - a potion of cancellation {unknown}
Books
 d - a book of Geomancy

   Spells                             Type                      Level
   a - Sandblast                      Earth                        1
   b - Passwall                       Transmutation/Earth          2
   c - Stone Arrow                    Conjuration/Earth            3
   d - Petrify                        Transmutation/Earth          4
   e - Lee's Rapid Deconstruction     Earth                        5
Comestibles
 c - 7 rations


   Skills:
 - Level 2.0 Dodging
 - Level 2.6 Stealth
 - Level 8.0 Spellcasting
   Level 1.0 Transmutations
 + Level 9.5 Earth Magic


You had 23 spell levels left.
You knew the following spells:

 Your Spells              Type           Power        Failure   Level  Hunger
a - Sandblast             Erth           #####.       1%          1    None


Dungeon Overview and Level Annotations

Branches:
Dungeon (7/15)             Temple (1/1) D:4

Altars:
Ashenzari
Cheibriados
Dithmenos
Elyvilon
Fedhas
Gozag
Hepliaklqana
Makhleb
Nemelex Xobeh
Okawaru
Qazlal
Sif Muna
Uskayaw
Vehumet
Wu Jian
Xom
Yredelemnul
Zin
The Shining One

Shops:
D:6 *


Innate Abilities, Weirdness & Mutations

You cannot wear most types of armour.
You are very stealthy in the water. (Stealth+)
You are amphibious.
You can wear up to eight rings at the same time.
You can use your tentacles to constrict eight enemies at once.
Your skin changes colour to match your surroundings (Stealth+).
Your rubbery body absorbs attacks. (AC +1, EV +1)


Message History

* * * LOW HITPOINT WARNING * * *
Casting: Sandblast
Confirm with . or Enter, or press ? or * to list all spells.
Aiming: Sandblast
Press: ? - help, Shift-Dir - straight line, f/p - steam dragon
Aim: a steam dragon (steam, severely wounded, catching its breath)
The blast of sand hits the steam dragon.
The steam dragon is almost dead.
b - 110 stones The steam dragon bites you!
* * * LOW HITPOINT WARNING * * *
The steam dragon claws you.
* * * LOW HITPOINT WARNING * * *
You feel much better.
You are engulfed in a cloud of scalding steam.
* * * LOW HITPOINT WARNING * * *
The steam dragon breathes steam at you. The ball of steam hits you!
You die...
Your body crumbles into a pile of gold.

###..### #.## .....
#..### ..... #....#
......$ ##.#...#
...... ###..#####
.....# #####.....#
......###....####..#
$ #.§D@.#### #....
##$#### #### #.## #.
.D #.# .. ..# ##


You could see a steam dragon.

Vanquished Creatures
  The ghost of Anonimus the Chopper, an amateur DsGl (D:4)
  A hippogriff (D:7)
  Prince Ribbit (D:7)
  An ice beast (D:5)
  A sky beast (D:5)
  5 phantoms
  A centaur (D:6)
  An ogre (D:5)
  A necrophage (D:5)
  2 bullfrogs (D:6)
  A scorpion (D:4)
  3 wights (D:6)
  A crimson imp (D:5)
  2 hounds
  2 bullfrog zombies (D:5)
  5 orc wizards
  A worker ant (D:5)
  4 gnolls (D:5)
  7 adders
  An ooze (D:1)
  An adder skeleton (D:7)
  2 worms
  4 dart slugs
  5 leopard geckos
  19 orcs
  6 giant cockroaches
  13 goblins
  9 hobgoblins
  8 jackals
  8 kobolds
  3 quokkas
  5 ball pythons
  10 bats
  8 frilled lizards
  A giant cockroach zombie (D:5)
  2 leopard gecko skeletons (D:4)
  2 leopard gecko zombies
  A quokka skeleton (D:4)
  11 rats
160 creatures vanquished.

Notes
Turn   | Place    | Note
-------+----------+-------------------------------------------
     0 | D:1      | inc the Octopode Earth Elementalist began the quest for the Orb.
     0 | D:1      | Reached XP level 1. HP: 11/11 MP: 3/3
   254 | D:1      | Reached XP level 2. HP: 17/17 MP: 1/5
   397 | D:1      | Reached skill level 4 in Earth Magic
   455 | D:1      | Reached XP level 3. HP: 21/21 MP: 4/6
  1076 | D:2      | Found a hide-covered altar of Uskayaw.
  1521 | D:2      | Reached XP level 4. HP: 27/27 MP: 7/7
  1862 | D:2      | Found a stormy altar of Qazlal.
  2017 | D:3      | Reached skill level 5 in Earth Magic
  2081 | D:3      | Found an iron altar of Okawaru.
  2320 | D:4      | Reached XP level 5. HP: 31/31 MP: 5/8
  2324 | D:4      | Found a shadowy altar of Dithmenos.
  2546 | D:4      | Reached skill level 6 in Earth Magic
  2652 | D:4      | Noticed Anonimus's ghost (amateur DsGl)
  2653 | D:4      | Reached XP level 6. HP: 34/36 MP: 9/9
  3124 | D:4      | Found a staircase to the Ecumenical Temple.
  3141 | Temple   | Entered the Ecumenical Temple
  3232 | Temple   | Became a worshipper of Gozag Ym Sagoz the Greedy
  4004 | D:4      | Noticed a phantom
  4009 | D:4      | Killed a phantom
  4009 | D:4      | Reached XP level 7. HP: 41/41 MP: 12/12
  4056 | D:4      | Killed Anonimus's ghost
  4056 | D:4      | Reached skill level 5 in Spellcasting
  4134 | D:5      | Entered Level 5 of the Dungeon
  4162 | D:5      | Reached XP level 8. HP: 40/46 MP: 17/17
  4614 | D:5      | Found a burning altar of Makhleb.
  4757 | D:6      | Reached skill level 7 in Earth Magic
  5004 | D:6      | Found Ischeside's General Store.
  5010 | D:6      | Bought a scroll of magic mapping for 49 gold pieces
  5017 | D:6      | Reached skill level 8 in Earth Magic
  5017 | D:6      | Reached XP level 9. HP: 38/51 MP: 21/21
  5571 | D:7      | Noticed Prince Ribbit
  5579 | D:7      | Killed Prince Ribbit
  5583 | D:7      | Reached skill level 9 in Earth Magic
  5648 | D:7      | HP: 1/51 [steam dragon (6)]
  5649 | D:7      | Killed from afar by a steam dragon

Skill      XL: |  1  2  3  4  5  6  7  8  9 |
---------------+----------------------------+-----
Earth Magic    | 4 5 6 8 9 |  9.5
Spellcasting   | 3 6 8 |  8.0
Dodging        | |  2.0
Stealth        | |  2.6
Transmutations | |  1.0

Action                   |  1- 3 |  4- 6 |  7- 9 || total
-------------------------+-------+-------+-------++-------
Melee: Unarmed           |    27 |    44 |    22 ||    93
       Tentacles         |     6 |    10 |     2 ||    18
       Constrict         |     7 |    11 |     3 ||    21
 Cast: Sandblast         |    42 |    92 |    91 ||   225
  Use: Scroll            |     4 |       |       ||     4
       Potion            |       |       |     2 ||     2
 Stab: Sleeping          |     3 |     5 |     1 ||     9
  Eat: Chunk             |     2 |     6 |       ||     8
       Ration            |       |     2 |       ||     2
Armor: Skin              |     3 |     9 |     1 ||    13
Dodge: Dodged            |    28 |    47 |    34 ||   109
